 Dungeon Crawl Stone Soup version 0.29.1-12-g30fa7ad0bf (webtiles) character file.

Game seed: 9689720181218425474

72 warriortoast the Conjurer (level 4, -1/33 HPs)
             Began as a Draconian Conjurer on Dec 12, 2022.
             Slain by Terence
             ... wielding a +1 flail of protection
              (8 damage)
             ... on level 2 of the Dungeon.
             The game lasted 00:02:35 (2161 turns).

warriortoast the Conjurer (Draconian Conjurer)      Turns: 2161, Time: 00:02:35

Health: -1/33      AC:  5    Str:  9    XL:     4   Next: 7%
Magic:  0/8        EV: 12    Int: 20    God:
Gold:   92         SH:  0    Dex: 10    Spells: 7/8 levels left

rFire   . . .      SeeInvis .   g - +1 whip (flame)
rCold   . . .      Faith    .   (no shield)
rNeg    . . .      Spirit   .   (body armour unavailable)
rPois   .          Reflect  .   (helmet restricted)
rElec   .          Harm     .   (no cloak)
rCorr   .          Rampage  .   (no gloves)
Will    .....                   (no boots)
Stlth   ++........              (no amulet)
HPRegen 0.11/turn               (no ring)
MPRegen 0.11/turn               (no ring)

@: no status effects
A: AC +5, unfitting armour, cold-blooded
a: no special abilities


You were on level 2 of the Dungeon.
You visited 1 branch of the dungeon, and saw 2 of its levels.

You collected 92 gold pieces.

Inventory:

Hand Weapons
 e - a +0 short sword
 g - a +1 whip of flaming (weapon)
Jewellery
 m - a ring of protection from cold
Scrolls
 d - a scroll of fear {unknown}
 f - a scroll of amnesia {unknown}
 h - a scroll of magic mapping {unknown}
 j - a scroll of poison {unknown}
 k - a scroll of immolation {unknown}
 l - 2 scrolls of identify
 o - a scroll of brand weapon {unknown}
Potions
 a - a potion of magic
 b - a potion of curing
 c - a potion of ambrosia {unknown}
 i - a potion of resistance {unknown}
 n - a potion of berserk rage {unknown}


   Skills:
 + Level 2.4 Dodging
 + Level 2.5 Stealth
 + Level 2.7 Spellcasting
 + Level 4.4 Conjurations


You had 7 spell levels left.
You knew the following spells:

 Your Spells              Type           Power      Damage    Failure   Level
a - Magic Dart            Conj           80%        1d7       2%          1

Your spell library contained the following spells:

 Spells                   Type           Power      Damage    Failure   Level
 Searing Ray              Conj           40%        2d5       3%          2
 Sting                    Tmut/Pois      8%         1d3       14%         1
 Dazzling Flash           Conj/Hex       22%        N/A       19%         3
 Poisonous Vapours        Pois/Air       4%         N/A       22%         2
 Fulminant Prism          Conj/Hex       5%         3d7       52%         4
 Iskenderun's Mystic Bla  Conj/Tloc      11%        2d4       52%         4
 Olgreb's Toxic Radiance  Pois           2%         N/A       82%         4


Dungeon Overview and Level Annotations

Branches:
Dungeon (2/15)

Altars:

Annotations:
D:2 Terence


Innate Abilities, Weirdness & Mutations

Your plain brown scales are hard. (AC +5)
You cannot fit into any form of body armour.
You are cold-blooded and may be slowed by cold attacks.


Message History

You are too injured to fight recklessly!
You are too injured to fight recklessly!
As you read the scroll labelled VIXIEP HIONNEG, it crumbles to dust.
It is a scroll of identify.
b - a potion of curing Terence hits you but does no damage.
You barely miss Terence.
Your tail-slap misses Terence.
Terence is heavily wounded.
Terence hits you but does no damage.
You closely miss Terence.
Terence is heavily wounded.
Terence barely misses you.
You hit Terence. You burn Terence.
Terence is almost dead.
Terence barely misses you. x2
You are too injured to fight recklessly!
You are too injured to fight recklessly!
Aiming: Magic Dart (safe; 2% risk of failure)
Press: ? - help, Q - select action Shift-Dir - straight line, f/p - Terence
Aim: Terence, wielding a +1 flail of protection and wearing a +0 scale mail (almost dead, 100% to hit)
The magic dart hits Terence but does no damage.
Terence is almost dead.
Terence closely misses you.
Aiming: Magic Dart (safe; 2% risk of failure)
Press: ? - help, Q - select action Shift-Dir - straight line, f/p - Terence
Aim: Terence, wielding a +1 flail of protection and wearing a +0 scale mail (almost dead, 100% to hit)
The magic dart hits Terence but does no damage.
Terence is almost dead.
Terence closely misses you.
You hit Terence but do no damage.
Terence is almost dead.
Terence hits you with a +1 flail of protection!
* * * LOW HITPOINT WARNING * * *
You closely miss Terence.
Terence is almost dead.
Terence hits you but does no damage.
You hit Terence but do no damage.
Terence is almost dead.
Terence hits you with a +1 flail of protection!
You die...

#########
......@.# #@#
########.#
#........#
#.#.######
#########.#.#
.......[...>#
#########.#.#
#.#.# #.#.#


You could see Terence.

Vanquished Creatures
  Robin (D:2)
  A worm (D:2)
  2 dart slugs
  7 ball pythons
  2 endoplasms (D:1)
  2 giant cockroaches (D:1)
  10 goblins
  9 hobgoblins
  A quokka (D:2)
  5 bats
  A frilled lizard (D:1)
  5 kobolds
  3 rats (D:1)
49 creatures vanquished.

Notes
Turn   | Place    | Note
-------+----------+-------------------------------------------
     0 | D:1      | warriortoast the Draconian Conjurer began the quest for the
                  | Orb.
     0 | D:1      | Reached XP level 1. HP: 14/14 MP: 3/3
   274 | D:1      | Reached XP level 2. HP: 20/20 MP: 3/5
  1177 | D:1      | Reached XP level 3. HP: 22/26 MP: 3/6
  1798 | D:2      | Noticed Robin
  2010 | D:2      | Killed Robin
  2011 | D:2      | Reached XP level 4. HP: 33/33 MP: 1/8
  2145 | D:2      | Noticed Terence
  2161 | D:2      | Slain by Terence

Illustrated notes

Levels and vault maps discovered:
D:1:      co_arrival_square_in_a_square_in_a_square, layout_basic
D:2:      layout_basic, uniq_robin, uniq_terence

Skill      XL: |  1 |
---------------+----+-----
Stealth        | 2 |  2.5
Dodging        | 2 |  2.4
Spellcasting   | |  2.7
Conjurations   | |  4.4

Action                   |  1- 3 |  4- 6 || total
-------------------------+-------+-------++-------
Melee: Whip              |    16 |     6 ||    22
       Unarmed           |     3 |       ||     3
       Punch             |     1 |       ||     1
 Cast: Magic Dart        |    84 |    11 ||    95
  Use: Scroll            |       |     1 ||     1
Armor: Skin              |     9 |     3 ||    12
Dodge: Dodged            |    16 |     8 ||    24
